Map: King Sejong Station LE

Players

blackxored

  • Race: Zerg Zerg
  • League: Diamond

EveHo - Winner!

  • Race: Terran Terran
  • League: Platinum

VOD

Have the link to the VOD?

Description

Time

  • Played on: June 30, 2016, 2:52 p.m.
  • Length: 12:08
Show
View Real Time Build Order
Export as new Build Order

blackxored Zerg 

Build Orders: Hatch First 

Get SALT Encoding   

  12  0:02  Drone  
  13  0:09  Drone  
  14  0:18  Overlord  
  14  0:28  Extractor, Drone  
  15  0:37  Drone x2  
  17  0:54  Hatchery  
  17  0:56  Drone  
  17  0:59  Drone  
  18  1:10  Extractor  
  17  1:14  Spawning Pool  
  17  1:17  Drone  
  17  1:20  Drone  
  18  1:28  Drone  
  19  1:41  Drone  
  20  1:50  Overlord  
  20  2:02  Queen  
  20  2:05  Overlord  
  22  2:11  Zergling x2  
  22  2:14  Queen  
  25  2:16  Metabolic Boost  
  25  2:17  Zergling x2  
  25  2:22  Zergling x2  
  27  2:37  Hatchery  
  26  2:50  Pneumatized Carapace  
  26  2:53  Drone x3  
  26  2:55  Drone  
  30  2:59  Drone  
  31  3:08  Drone x2  
  33  3:24  Drone x3  
  33  3:25  Drone x4  
  40  3:27  Drone  
  40  3:33  Overlord  
  41  3:43  Drone x3  
  44  3:58  Overlord  
  44  4:01  Queen  
  46  4:03  Queen  
  46  4:04  Queen  
  50  4:20  Roach Warren  
  50  4:21  Spore Crawler  
  50  4:23  Spore Crawler  
  47  4:34  Spore Crawler  
  47  4:36  Queen  
  48  4:39  Queen x2  
  48  4:44  Zergling x22  
  63  5:01  Spore Crawler  
  63  5:02  Zergling x8  
  63  5:06  Overlord x2  
  66  5:28  Lair  
  66  5:29  Drone x2  
  66  5:31  Drone  
  66  5:34  Drone x6  
  71  6:13  Drone x11  
  82  6:19  Hatchery  
  82  6:22  Overlord  
  82  6:23  Overlord x3  
  81  6:36  Hatchery  
  81  6:38  Baneling Nest  
  79  6:40  Overlord x4  
  79  6:46  Overseer  
  79  6:48  Drone x3  
  79  6:49  Drone  
  79  6:52  Extractor x2  
  79  6:54  Extractor, Drone x2  
  83  6:55  Extractor  
  81  7:02  Evolution Chamber  
  81  7:07  Evolution Chamber  
  75  7:09  Extractor  
  75  7:13  Drone x4  
  76  7:20  Drone x3  
  76  7:21  Drone x2  
  76  7:22  Drone  
  79  7:29  Drone x2  
  80  7:30  Drone x3  
  80  7:33  Drone  
  80  7:49  Drone x6  
  85  7:52  Zergling x8  
  88  8:12  Queen  
  90  8:15  Drone x2  
  90  8:16  Drone, Hatchery  
  90  8:19  Drone x5  
  97  8:26  Zergling x2  
  97  8:27  Zergling x10  
  103  8:28  Baneling x10  
  103  8:29  Baneling x18  
  103  8:30  Centrifical Hooks  
  103  8:31  Zergling x4  
  103  8:33  Zerg Melee Weapons Level 1  
  105  8:34  Zerg Ground Armor Level 1  
  105  8:48  Zergling x18  
  113  8:56  Overseer  
  113  8:59  Drone x3  
  116  9:19  Zergling x14  
  116  9:22  Baneling x6  
  123  9:25  Zergling x12  
  123  9:26  Spire  
  123  9:28  Overseer  
  122  9:57  Baneling  
  122  10:22  Infestation Pit  
  121  10:36  Drone x13  
  134  10:47  Baneling x11  
  130  10:51  Extractor, Spore Crawler, Mutalisk x6  
  130  10:53  Extractor  
  130  10:54  Overlord x3  
  139  10:59  Hatchery  
  136  11:05  Zergling x10  
  141  11:16  Zergling x36  
  119  11:32  Zergling x10  
  110  11:33  Zergling x6  
  110  11:35  Baneling  
  110  11:36  Baneling x5  
  110  11:37  Baneling x8  
  110  11:39  Baneling x5  
  111  11:40  Zergling x8  
  111  11:46  Zergling x2  
Show
View Real Time Build Order
Export as new Build Order

EveHo Terran - Winner!

Build Orders: Reaper Expand, MMM Bio 

Get SALT Encoding   

  12  0:01  SCV  
  13  0:13  SCV  
  14  0:17  Supply Depot  
  14  0:30  SCV  
  15  0:41  Barracks  
  15  0:44  Refinery  
  15  0:45  SCV  
  16  0:57  SCV  
  17  1:09  SCV  
  18  1:28  Orbital Command  
  18  1:29  Reaper  
  19  1:45  Command Center  
  19  1:58  Barracks  
  19  2:02  Barracks Reactor  
  19  2:07  SCV  
  20  2:10  Refinery  
  20  2:22  SCV  
  21  2:24  Factory  
  21  2:44  SCV  
  22  2:45  Barracks Tech Lab  
  22  2:55  Supply Depot  
  22  2:56  Marine x2, SCV  
  25  3:01  Orbital Command  
  25  3:08  Stimpack, SCV  
  25  3:09  Marine  
  27  3:19  Starport  
  27  3:22  Marine  
  27  3:24  Marine  
  29  3:27  Factory Reactor  
  29  3:31  SCV  
  29  3:32  SCV  
  31  3:35  Marine  
  32  3:43  SCV  
  33  3:53  Supply Depot  
  33  3:54  Marine x2  
  33  3:55  Marine  
  36  4:02  SCV  
  36  4:03  SCV  
  37  4:12  Marine x2  
  37  4:13  Marine  
  37  4:14  Factory Tech Lab  
  37  4:15  SCV x2  
  37  4:16  Medivac  
  37  4:17  Medivac  
  46  4:22  Supply Depot  
  46  4:27  SCV x2  
  48  4:34  Engineering Bay  
  48  4:35  Engineering Bay  
  48  4:39  SCV x2  
  48  4:41  Marine x2  
  48  4:42  Marine  
  48  4:43  Liberator  
  48  4:44  Liberator  
  53  4:51  SCV x2  
  55  5:03  SCV  
  62  5:07  Supply Depot  
  62  5:09  SCV  
  63  5:15  SCV  
  63  5:21  SCV  
  65  5:29  Marine x3  
  65  5:33  Supply Depot  
  65  5:35  Command Center  
  68  5:44  SCV x2  
  68  5:47  Terran Infantry Weapons Level 1, Terran Infantry Armor Level 1  
  65  5:56  SCV x2  
  61  6:11  SCV  
  61  6:12  SCV  
  61  6:15  Refinery x2  
  61  6:16  Supply Depot  
  63  6:22  Barracks, Combat Shields  
  63  6:23  Barracks x2  
  63  6:24  Marauder, Marine x2, Barracks  
  67  6:40  SCV x2  
  67  6:41  Marine  
  70  6:50  Supply Depot  
  70  6:52  Armory, Orbital Command  
  70  6:54  Medivac x2  
  72  6:56  Marauder  
  76  7:15  SCV x2  
  78  7:25  Barracks Tech Lab x2  
  78  7:26  Barracks Reactor x2  
  78  7:27  SCV  
  78  7:28  Medivac x2  
  83  7:44  SCV x2  
  85  7:45  Orbital Command  
  85  7:50  Terran Infantry Weapons Level 2  
  85  7:52  Marine  
  85  7:53  Marine x2, Marauder x2  
  89  8:03  Medivac  
  91  8:07  Barracks  
  91  8:08  Barracks x2  
  91  8:10  Marine  
  91  8:11  Marauder  
  91  8:12  Supply Depot  
  94  8:13  Supply Depot  
  94  8:14  Supply Depot, SCV x2  
  94  8:15  Marauder, SCV  
  99  8:21  Marine  
  99  8:22  Marine x4, Marauder  
  99  8:26  SCV  
  107  8:28  Marine  
  107  8:30  Terran Infantry Armor Level 2  
  107  8:33  Marauder, Concussive Shells  
  110  8:35  Supply Depot  
  110  8:36  Marauder  
  110  8:39  Marine  
  110  8:40  SCV x3  
  116  8:53  Marine  
  116  8:54  Marine x4, Marauder x2  
  125  8:57  Supply Depot, Barracks Tech Lab x3, Marauder  
  125  9:02  SCV x3  
  130  9:09  Refinery  
  130  9:10  Refinery  
  130  9:14  Marine x2, SCV x2  
  130  9:15  Marine  
  130  9:16  Marauder x2  
  139  9:19  Marauder  
  133  9:55  SCV x3  
  133  9:57  Marine x3  
  133  9:58  Marine x3, Marauder x5  
  133  9:59  Medivac, Marauder  
  156  10:04  Medivac  
  157  10:16  Supply Depot  
  157  10:17  Supply Depot x2  
  157  10:18  Supply Depot  
  157  10:26  Command Center  
  157  10:37  Marine x2, Medivac x2  
  157  10:38  Marine x2, Marauder  
  157  10:39  Marine x2, Marauder x5, SCV x3  
  179  10:51  SCV x2  
  179  10:55  Marine x2  
  179  10:56  Marine x3  
  186  10:57  Marine  
  186  10:59  Marauder  
  186  11:00  Marauder x5  
  199  11:13  Marine  
  199  11:14  Marine  
  195  11:19  Marine  
  195  11:20  Marine x3  
  195  11:21  Marauder  
  190  11:27  Marine x2  
  190  11:28  Marine, Marauder x2  
  190  11:31  Marine  
  190  11:32  Marine  
  198  11:38  Marine x2  
Tags
 
Add a new tag
Caveats
  • Supply blocks, unpowered buildings, or Contaminate may cause inaccurate times.
  • Supply counts are checked every 10 seconds.